Map: Blackpink LE

Players

ReZ

  • Race: Protoss Protoss
  • League: Diamond
  • Spawn Location: 1:00

radgeRayden - Winner!

  • Race: Zerg Zerg
  • League: Diamond
  • Spawn Location: 7:00

VOD

Have the link to the VOD?

Description

Time

  • Played on: Jan. 30, 2018, 10:17 p.m.
  • Length: 14:48
Show
View Real Time Build Order
Export as new Build Order

ReZ Protoss 

Build Orders: Forge Fast Expand (FFE) 

Get SALT Encoding   

  12  0:00  Probe  
  13  0:13  Probe  
  14  0:17  Pylon  
  14  0:25  Probe  
  15  0:37  Probe (Chrono Boost)  
  16  0:43  Forge  
  16  0:46  Probe (Chrono Boost)  
  17  0:51  Probe (Chrono Boost)  
  18  1:16  Nexus  
  18  1:30  Pylon  
  18  1:35  Pylon  
  18  1:49  Photon Cannon  
  18  1:59  Pylon  
  18  2:11  Photon Cannon  
  18  2:13  Probe  
  18  2:24  Photon Cannon  
  18  2:25  Probe  
  18  2:27  Gateway  
  18  2:29  Pylon  
  19  2:35  Gateway  
  19  2:39  Probe  
  19  2:40  Probe  
  21  2:48  Assimilator  
  21  2:50  Pylon  
  21  2:52  Probe  
  21  2:56  Probe  
  23  3:05  Probe  
  24  3:08  Probe (Chrono Boost)  
  25  3:16  Cybernetics Core  
  25  3:17  Probe (Chrono Boost)  
  26  3:20  Probe (Chrono Boost)  
  28  3:27  Probe (Chrono Boost)  
  28  3:28  Probe (Chrono Boost)  
  29  3:38  Pylon, Photon Cannon  
  29  3:39  Zealot  
  31  3:49  Assimilator, Warp Gate (Chrono Boost)  
  31  3:50  Probe  
  31  3:51  Pylon, Probe  
  33  4:02  Probe  
  34  4:04  Probe  
  35  4:14  Probe  
  35  4:16  Probe  
  37  4:23  Assimilator  
  37  4:26  Probe  
  37  4:27  Pylon  
  37  4:28  Probe  
  37  4:29  Stargate  
  37  4:30  Gateway  
  39  4:38  Probe  
  39  4:40  Probe  
  41  4:50  Probe, Robotics Facility  
  41  4:52  Gateway  
  42  4:53  Probe  
  42  4:54  Pylon  
  42  4:57  Pylon  
  43  5:02  Probe  
  43  5:03  Pylon  
  43  5:04  Protoss Ground Weapons Level 1 (Chrono Boost)  
  44  5:12  Phoenix (Chrono Boost)  
  46  5:27  Assimilator  
  46  5:30  Pylon  
  48  5:49  Zealot x2  
  52  5:55  Zealot  
  54  6:02  Warp Prism  
  54  6:03  Phoenix  
  56  6:04  Pylon  
  56  6:18  Pylon  
  52  6:35  Probe x2 (Chrono Boost)  
  54  6:40  Phoenix (Chrono Boost)  
  54  6:45  Probe x2 (Chrono Boost)  
  54  6:46  Stargate  
  58  6:49  Zealot x2  
  58  6:50  Zealot x2, Probe (Chrono Boost)  
  58  6:51  Immortal (Chrono Boost)  
  67  6:56  Phoenix (Chrono Boost)  
  73  7:10  Sentry x2  
  73  7:11  Pylon, Stalker  
  73  7:12  Pylon  
  73  7:13  Zealot  
  73  7:14  Pylon, Phoenix (Chrono Boost)  
  83  7:24  Immortal  
  87  7:38  Zealot x2  
  87  7:39  Zealot x2  
  91  8:08  Zealot  
  91  8:09  Zealot x3  
  85  8:34  Zealot x3  
  85  8:35  Zealot  
  91  8:44  Immortal (Chrono Boost)  
  91  8:46  Void Ray x2  
  93  9:13  Protoss Ground Armor Level 1 (Chrono Boost)  
  93  9:17  Sentry x2  
  93  9:18  Sentry, Stalker  
  93  9:19  Immortal (Chrono Boost)  
  93  9:21  Gateway  
  105  9:25  Gateway  
  105  9:26  Void Ray (Chrono Boost)  
  105  9:29  Phoenix (Chrono Boost)  
  103  9:47  Void Ray (Chrono Boost)  
  103  9:51  Stalker  
  103  9:52  Zealot x2, Stalker  
  97  10:09  Immortal  
  97  10:10  Void Ray (Chrono Boost)  
  105  10:34  Nexus  
  105  10:49  Sentry x4  
  113  10:50  Stalker x2  
  113  10:54  Observer  
  108  11:18  Zealot  
  108  11:19  Zealot x4  
  74  11:38  Immortal  
  74  11:39  Sentry x2  
  82  11:40  Sentry  
  82  11:41  Sentry  
  84  11:51  Probe (Chrono Boost)  
  84  11:52  Probe x2 (Chrono Boost)  
  90  12:01  Probe x2 (Chrono Boost)  
  90  12:02  Probe (Chrono Boost)  
  90  12:03  Assimilator  
  90  12:06  Probe x2 (Chrono Boost), Twilight Council  
  90  12:08  Probe  
  91  12:13  Assimilator  
  93  12:17  Immortal (Chrono Boost)  
  93  12:18  Probe  
  98  12:27  Stalker x3  
  98  12:28  Sentry x2  
  108  12:36  Protoss Shields Level 1 (Chrono Boost)  
  108  12:45  Pylon  
  108  12:47  Pylon, Dark Shrine  
  108  12:50  Observer (Chrono Boost)  
  109  13:05  Stalker x4  
  115  13:06  Zealot  
  115  13:08  Observer, Colossus  
  120  13:17  Pylon, Robotics Facility  
  120  13:27  Stalker x2  
  120  13:28  Stalker  
  120  13:29  Sentry  
  120  13:30  Sentry  
  130  13:53  Zealot x3  
  130  13:54  Stalker  
  130  13:55  Stalker  
  140  13:56  Stalker  
  114  14:15  Zealot x3  
Show
View Real Time Build Order
Export as new Build Order

radgeRayden Zerg - Winner!

Build Orders: 3 Hatch before Pool 

Get SALT Encoding   

  12  0:01  Drone  
  13  0:12  Overlord  
  13  0:19  Drone  
  14  0:31  Drone x2  
  16  0:40  Drone  
  17  0:54  Hatchery  
  17  0:56  Drone  
  17  1:22  Hatchery  
  16  1:33  Spawning Pool  
  16  1:36  Extractor  
  14  1:46  Drone x2  
  14  1:47  Drone  
  18  2:04  Drone  
  19  2:11  Drone  
  20  2:34  Zergling x4, Hatchery  
  21  2:47  Queen  
  21  2:48  Queen  
  25  2:52  Zergling x2  
  26  3:04  Drone  
  26  3:05  Drone  
  28  3:08  Overlord x2  
  28  3:14  Extractor  
  28  3:15  Drone  
  29  3:22  Overlord  
  29  3:29  Drone x2  
  29  3:31  Drone x2  
  33  3:43  Drone x2  
  35  3:53  Drone  
  35  3:54  Drone x2  
  38  4:02  Drone, Roach Warren  
  38  4:04  Drone x3, Extractor  
  38  4:07  Drone  
  38  4:09  Extractor  
  40  4:20  Queen  
  40  4:21  Drone x3  
  45  4:27  Zergling x4  
  45  4:30  Metabolic Boost  
  47  4:39  Drone x2  
  47  4:40  Drone x2, Evolution Chamber  
  47  4:44  Overlord  
  50  4:49  Pneumatized Carapace  
  50  4:53  Drone x2  
  50  4:54  Drone  
  50  4:56  Drone  
  50  4:58  Drone  
  56  5:00  Drone  
  56  5:15  Zerg Missile Weapons Level 1  
  56  5:16  Roach x4  
  56  5:17  Overlord  
  64  5:30  Drone  
  64  5:32  Extractor  
  64  5:33  Drone x2  
  64  5:34  Overlord x3  
  66  5:41  Overlord x2  
  66  5:47  Spore Crawler  
  66  5:49  Spore Crawler  
  63  5:50  Spore Crawler, Drone x2  
  63  5:51  Drone  
  63  6:04  Roach  
  63  6:05  Roach x5  
  75  6:12  Drone  
  75  6:13  Drone x4  
  78  6:19  Lair  
  78  6:22  Drone  
  78  6:23  Drone x3  
  82  6:27  Roach x2  
  82  6:28  Ravager  
  82  6:30  Ravager x3  
  82  6:32  Drone  
  91  6:47  Hatchery  
  91  6:49  Drone x2  
  91  6:51  Drone x2  
  91  6:52  Drone x3  
  91  6:53  Drone  
  98  7:08  Roach x4  
  106  7:13  Zerg Ground Armor Level 1  
  106  7:17  Overlord x5  
  106  7:26  Hatchery  
  105  7:41  Ravager x2  
  105  7:42  Queen x3  
  111  7:50  Hydralisk Den  
  105  8:12  Roach x12  
  128  8:13  Roach x9  
  128  8:18  Queen  
  128  8:27  Muscular Augments  
  129  8:41  Ravager x2  
  123  9:01  Roach  
  123  9:02  Roach x6  
  130  9:10  Hatchery  
  130  9:13  Glial Reconstitution  
  129  9:27  Drone x5  
  129  9:28  Overlord x2  
  129  9:29  Overlord x6  
  134  9:32  Overlord x3  
  134  9:33  Overlord x3  
  132  9:42  Zergling x2  
  132  9:43  Zergling x2  
  120  9:58  Hydralisk x5  
  120  9:59  Hydralisk x2  
  123  10:10  Hydralisk  
  126  10:14  Zergling x10  
  130  10:25  Queen  
  130  10:27  Zergling x2  
  130  10:28  Zergling x20  
  143  10:36  Extractor  
  143  10:38  Drone x3, Extractor  
  143  10:40  Drone x3  
  147  10:46  Grooved Spines  
  147  10:49  Drone x5  
  152  10:50  Queen  
  152  10:54  Extractor  
  152  10:56  Extractor  
  152  11:02  Extractor  
  135  11:22  Hydralisk  
  135  11:23  Hydralisk x6  
  127  11:25  Queen  
  127  11:26  Hydralisk  
  119  11:34  Zergling x6  
  119  11:35  Zergling x14  
  124  11:52  Extractor  
  124  11:53  Hydralisk x5  
  133  12:03  Queen  
  135  12:13  Spire, Hatchery  
  125  12:25  Drone x5  
  125  12:28  Hydralisk  
  125  12:29  Hydralisk x3  
  137  12:30  Zergling x2  
  137  12:31  Zergling x20  
  148  12:39  Queen, Evolution Chamber  
  149  12:46  Drone x2  
  149  12:49  Drone x3  
  154  13:07  Extractor, Zergling x26  
  154  13:08  Extractor  
  165  13:21  Spire  
  165  13:25  Infestation Pit  
  163  13:37  Drone x3  
  163  13:38  Drone x2  
  163  13:39  Drone  
  163  13:40  Drone x5  
  174  13:44  Mutalisk x3  
  174  13:45  Mutalisk  
  182  13:50  Zergling x2  
  182  13:51  Zergling x26  
Tags
 
Add a new tag
Caveats
  • Supply blocks, unpowered buildings, or Contaminate may cause inaccurate times.
  • Supply counts are checked every 10 seconds.